 Dungeon Crawl Stone Soup version 0.27.0-1-g7a089689b8 (webtiles) character file.

Game seed: 14546219418874287241

21 ZARRMARR the Chopper (level 2, 0/27 HPs)
             Began as a Hill Orc Monk on Aug 5, 2021.
             Succumbed to an adder's poison
             ... on level 2 of the Dungeon.
             The game lasted 00:02:27 (985 turns).

ZARRMARR the Chopper (Hill Orc Monk)                 Turns: 985, Time: 00:02:27

Health: 0/27       AC:  2    Str: 12 (13) XL:     2   Next: 87%
Magic:  2/2        EV:  9    Int:  8 (10) God:
Gold:   39         SH:  6    Dex: 12 (13) Spells: 1/1 levels left

rFire    . . .     SeeInvis .   a - +0 hand axe
rCold    . . .     Faith    .   e - +0 kite shield
rNeg     . . .     Spirit   .   b - +0 robe
rPois    .         Reflect  .   (no helmet)
rElec    .         Harm     .   (no cloak)
rCorr    .         Rampage  .   (no gloves)
Will     .....                  (no boots)
Stlth    ++........             (no amulet)
HPRegen  0.09/turn              (no ring)
MPRegen  0.08/turn              (no ring)

@: lethally poisoned (0 -> -1)
A: no striking features
a: no special abilities


You were on level 2 of the Dungeon.
You visited 1 branch of the dungeon, and saw 2 of its levels.

You collected 39 gold pieces.

Inventory:

Hand Weapons
 a - a +0 hand axe (weapon)
Armour
 b - a +0 robe (worn)
 e - a +0 kite shield (worn)
Scrolls
 d - a scroll of noise {unknown}


   Skills:
 + Level 3.9 Fighting
 + Level 4.5 Axes
 + Level 2.6 Dodging
 + Level 1.7 Stealth
 + Level 0.2 Shields


You had one spell level left.
You didn't know any spells.
Your spell library was empty.

Dungeon Overview and Level Annotations

Branches:
Dungeon (2/15)

Altars:
Vehumet


Message History

d - a scroll labelled BUZ BOIVOASA
Found a stone staircase leading down.
An adder comes into view.
There is a stone staircase leading down here.
The adder hisses angrily.
You block the adder's attack.
You hit the adder.
The adder is moderately wounded.
The adder bites you.
You are poisoned.
The adder poisons you! The adder bites you.
You are more poisoned.
The adder poisons you!
You closely miss the adder.
The adder is moderately wounded.
You feel very sick. You block the adder's attack.
Unknown command.
It was a potion of degeneration.
There was something very wrong with that liquid.
You feel weakened.
You feel dopey.
You feel clumsy.
You feel sick. You block the adder's attack. The adder barely misses you.
You hit the adder but do no damage.
The adder is moderately wounded.
You feel sick. The adder bites you but does no damage.
You hit the adder.
The adder is severely wounded.
You feel sick. The adder bites you but does no damage. The adder bites you.
* * * LOW HITPOINT WARNING * * *
You miss the adder.
The adder is heavily wounded.
You feel sick. You block the adder's attack. The adder bites you.
* * * LOW HITPOINT WARNING * * *
You miss the adder.
The adder is heavily wounded.
* * * LOW HITPOINT WARNING * * *
You feel sick. The adder barely misses you. x2
You closely miss the adder.
The adder is heavily wounded.
You die...

### ....########
.........#.#
#........S..#..
#.........@.#.#
#
#........##.#.#
####
#........##.#.#
...##
#........##...#
....#
#........###..#
_...# #........#
#.>#
....###........#
##.#
)..............#
#.#
#######........#
#.#


You could see an adder.

Vanquished Creatures
  2 ball pythons (D:1)
  2 bats (D:1)
  An endoplasm (D:1)
  A giant cockroach (D:1)
  3 goblins (D:1)
  2 hobgoblins (D:1)
  3 kobolds (D:1)
  A quokka (D:1)
  3 frilled lizards (D:1)
  A rat (D:1)
19 creatures vanquished.

Notes
Turn   | Place    | Note
-------+----------+-------------------------------------------
     0 | D:1      | ZARRMARR the Hill Orc Monk began the quest for the Orb.
     0 | D:1      | Reached XP level 1. HP: 19/19 MP: 1/1
   286 | D:1      | Reached XP level 2. HP: 27/27 MP: 2/2
   932 | D:2      | Found a radiant altar of Vehumet.
   984 | D:2      | HP: 1/27 [poisoned by an adder]
   985 | D:2      | Succumbed to an adder's poison

Illustrated notes

Levels and vault maps discovered:
D:1:      dpeg_arrival_short_road, layout_loops_ring
D:2:      layout_basic, basic_altar, serial_shops, nicolae_lakefront_shop,
          minmay_misc_feat_x, minmay_misc_feat_rows

Action                   || total
-------------------------++-------
Melee: Hand axe          ||    60
  Use: Scroll            ||     1
       Potion            ||     1
 Stab: Sleeping          ||     2
Armor: Robe              ||     7
Dodge: Dodged            ||    32
Block: Kite shield       ||    18
